 Dungeon Crawl Stone Soup version bcrawl-1.21.3 (webtiles) character file.

Game seed: 16508413974048399531

168 funkygono the Vandal (level 5, -6/40 HPs)
             Began as a Formicid Hunter on Apr 7, 2020.
             Killed by divine providence
             ... invoked by an orc priest
              (11 damage)
             ... on level 3 of the Dungeon on Apr 8, 2020.
             The game lasted 00:08:41 (2619 turns).

funkygono the Vandal (Formicid Hunter)              Turns: 2619, Time: 00:08:42

Health: -6/40      AC: 10    Str: 16    XL:     5   Next: 78%
Magic:  5/5        EV:  5    Int: 16    God:
Gold:   257        SH:  0    Dex: 12    Spells: 4/4 levels left

rFire    + . .     SeeInvis +   a - +1 hunting sling
rCold    . . .     Gourm    .   (no shield)
rNeg     . . .     Faith    .   v - +0 plate armour
rPois    .         Spirit   .   (helmet unavailable)
rElec    .         Reflect  .   u - scarf {repulsion}
rCorr    .         Harm     .   (no gloves)
MR       .....                  (no boots)
Stlth    ..........             (no amulet)
HPRegen  0.13/turn              f - +5 ring of intelligence
MPRegen  0.09/turn              p - ring of protection from fire

@: repel missiles
A: permanent stasis, dig shafts and tunnels, four strong arms, antennae 3
a: Dig, Shaft Self


You were on level 3 of the Dungeon.
You were not hungry.

You visited 1 branch of the dungeon, and saw 3 of its levels.

You collected 257 gold pieces.

Inventory:

Hand Weapons
 a - a +1 hunting sling (weapon)
 b - a +1 club
 o - a +0 short sword
Missiles
 d - 129 sling bullets (quivered)
 k - 724 stones
Armour
 c - a +0 leather armour
 m - a +0 cloak
 u - a scarf of repulsion (worn)
 v - a +0 plate armour (worn)
Jewellery
 f - a +5 ring of intelligence (left hand)
 p - a ring of protection from fire (right hand)
Scrolls
 i - a scroll of fog {unknown}
 t - a scroll of remove curse
Potions
 g - a potion of magic
 h - a potion of mutation {unknown}
 l - 3 potions of curing
 n - a potion of lignification {unknown}
 q - a potion of ambrosia {unknown}
 r - 3 potions of brilliance
 s - a potion of heal wounds {unknown}
Comestibles
 e - 5 rations {!d}
 j - 2 chunks of flesh


   Skills:
 + Level 2.9 Fighting
 + Level 0.1 Short Blades
 + Level 1.3 Maces & Flails
 + Level 6.1 Slings
 + Level 1.6 Armour
 + Level 2.0 Dodging
 + Level 1.6 Stealth


You had 4 spell levels left.
You didn't know any spells.
Your spell library was empty.

Dungeon Overview and Level Annotations

Branches:
Dungeon (3/12)

Altars:
The Shining One


Innate Abilities, Weirdness & Mutations

You cannot be hasted, slowed, berserked, paralysed or teleported.
You can dig through walls and to a lower floor.
Your four strong arms can wield two-handed weapons with a shield.
You have a pair of large antennae on your head. (SInv)


Message History

Aim: an orc, wearing a +0 scale mail of cold resistance You shoot a sling bullet.
The sling bullet hits the orc.
The orc is heavily wounded.
The orc priest calls down the wrath of Beogh upon you.
Beogh smites you!
* * * LOW HITPOINT WARNING * * *
Firing (i - inventory. (/) - cycle)
d - 131 sling bullets (quivered)
Press: ? - help, Shift-Dir - straight line, f/p - orc
Aim: an orc, wearing a +0 scale mail of cold resistance (heavily wounded)
You shoot a sling bullet. The sling bullet barely misses the orc.
The sling bullet barely misses the orc priest.
The orc hits you but does no damage.
Firing (i - inventory. (/) - cycle)
d - 130 sling bullets (quivered)
Press: ? - help, Shift-Dir - straight line, f/p - orc
Aim: an orc, wearing a +0 scale mail of cold resistance (heavily wounded)
You shoot a sling bullet. The sling bullet hits the orc!
You kill the orc!
The orc priest invokes the aid of Beogh against you.
Beogh smites you!
You die...

### ###.. {
###...#
#####...###
#.....### #
######.##### # .
#......# #
..).#####.######
# ....o)[@..# #
....####### . {


You could see an orc priest.

Vanquished Creatures
  A scorpion (D:3)
  An iguana (D:3)
  2 oozes
  An adder skeleton (D:2)
  3 dart slugs (D:1)
  2 leopard geckos
  4 orcs (D:3)
  A ball python (D:3)
  A bat zombie (D:2)
  A giant cockroach (D:1)
  10 goblins
  3 hobgoblins
  4 jackals
  12 kobolds
  3 quokkas (D:2)
  A ball python zombie (D:2)
  6 bats
  5 frilled lizards
  A leopard gecko skeleton (D:2)
  6 rats
68 creatures vanquished.

Notes
Turn   | Place    | Note
-------+----------+-------------------------------------------
     0 | D:1      | funkygono the Formicid Hunter began the quest for the Orb.
     0 | D:1      | Reached XP level 1. HP: 16/16 MP: 1/1
   156 | D:1      | Reached XP level 2. HP: 22/22 MP: 2/2
   168 | D:1      | Reached skill level 5 in Slings
   522 | D:1      | Reached XP level 3. HP: 14/28 MP: 3/3
  1219 | D:2      | Reached XP level 4. HP: 34/34 MP: 4/4
  1379 | D:2      | Reached skill level 1 in Armour
  1983 | D:3      | Reached XP level 5. HP: 22/39 MP: 5/5
  2297 | D:3      | Reached skill level 6 in Slings
  2304 | D:3      | Reached skill level 1 in Maces & Flails
  2577 | D:3      | Found a glowing golden altar of the Shining One.
  2619 | D:3      | Killed from afar by an orc priest

Skill      XL: |  1  2  3  4  5 |
---------------+----------------+-----
Slings         | 5 6 |  6.1
Armour         | 1 |  1.6
Dodging        | 2 |  2.0
Maces & Flails | 1 |  1.3
Fighting       | |  2.9
Short Blades   | |  0.1
Stealth        | |  1.6

Action                   |  1- 3 |  4- 6 || total
-------------------------+-------+-------++-------
Melee: Short sword       |    24 |       ||    24
       Club              |    13 |    68 ||    81
 Fire: Hunting sling     |    69 |    71 ||   140
  Use: Scroll            |     5 |     5 ||    10
 Stab: Sleeping          |       |     1 ||     1
  Eat: Chunk             |     1 |     4 ||     5
Armor: Leather armour    |     8 |    17 ||    25
       Plate armour      |       |     8 ||     8
Dodge: Dodged            |    20 |    49 ||    69
       Deflected         |       |     1 ||     1
